 Dungeon Crawl Stone Soup version 0.24.0-13-gcf9b319 (webtiles) character file.

Game seed: 15682427354572427855, levelgen mode: deterministic

18088 Dharzhak the Cleaver (level 12, -7/105 HPs)
             Began as a Minotaur Fighter on Nov 17, 2019.
             Was an Initiate of Gozag.
             Shot with a bolt by an orc warlord (29 damage)
             ... on level 2 of the Orcish Mines.
             The game lasted 00:40:34 (13298 turns).

Dharzhak the Cleaver (Minotaur Fighter)            Turns: 13298, Time: 00:40:35

Health: -7/105     AC: 22    Str: 30    XL:     12   Next: 24%
Magic:  0/14       EV: 10    Int:  8    God:    Gozag
Gold:   818        SH: 13    Dex:  9    Spells: 11/11 levels left

rFire    . . .     SeeInvis .   m - +4 war axe (flame)
rCold    . . .     Gourm    .   c - +0 shield
rNeg     . . .     Faith    .   b - +0 plate armour
rPois    .         Spirit   +   p - +1 hat {Int+3}
rElec    .         Reflect  .   w - +2 cloak
rCorr    .         Harm     .   y - +0 pair of gloves
MR       .....                  u - +1 pair of boots
Stlth    ..........             e - amulet of guardian spirit
HPRegen  0.27/turn              r - +3 ring of strength
MPRegen  0.14/turn              (no ring)

@: lethally poisoned (-7 -> -12), gold aura
A: retaliatory headbutt, horns 2
a: Potion Petition, Call Merchant, Bribe Branch, Renounce Religion


You were on level 2 of the Orcish Mines.
You worshipped Gozag.
Gozag was pleased with you.
You were not hungry.

You visited 3 branches of the dungeon, and saw 14 of its levels.
You also visited: Sewer.

You collected 1966 gold pieces.
You paid 1148 gold pieces to Gozag.

Inventory:

Hand Weapons
 a - a +1 war axe of flaming
 m - a +4 war axe of flaming (weapon)
Missiles
 o - 26 boomerangs
 v - 4 atropa-tipped darts
 F - 35 poisoned darts (quivered)
Armour
 b - a +0 plate armour (worn)
 c - a +0 shield (worn)
 p - a +1 hat of intelligence (worn)
 u - a +1 pair of boots (worn)
 w - a +2 cloak (worn)
 y - a +0 pair of gloves (worn)
Jewellery
 e - an amulet of guardian spirit (around neck)
 i - an uncursed amulet of rage
 r - a +3 ring of strength (left hand)
 x - an uncursed ring of ice
 B - an uncursed amulet of the acrobat {unknown}
Wands
 g - a wand of digging (7)
 C - a wand of flame (28)
 J - a wand of polymorph (9)
Scrolls
 d - a scroll of teleportation
 k - 3 scrolls of remove curse
 l - 4 scrolls of enchant armour
 s - 3 scrolls of magic mapping
 A - a scroll of amnesia
 D - a scroll of immolation
Potions
 h - a potion of mutation {unknown}
 n - a potion of ambrosia
 z - 2 potions of flight
 E - a potion of lignification
 I - a potion of brilliance {unknown}
 L - a potion of magic
Comestibles
 f - 14 rations


   Skills:
 * Level 9.5 Fighting
 * Level 14.0 Axes
 + Level 3.6 Throwing
 * Level 9.6 Armour
 * Level 6.7 Dodging
 + Level 1.6 Stealth
 * Level 10.5 Shields
 * Level 5.2 Evocations


You had 11 spell levels left.
You didn't know any spells.
Your spell library contained the following spells:

 Spells                   Type           Power        Failure   Level  Hunger
 Animate Skeleton         Necr           N/A          99%         1    ##.....
 Apportation              Tloc           #.....       99%         1    ##.....
 Beastly Appendage        Tmut           #.....       99%         1    ##.....
 Confusing Touch          Hex            #.....       99%         1    ##.....
 Sandblast                Erth           #.....       99%         1    ##.....
 Summon Small Mammal      Summ           #...         99%         1    ##.....
 Passwall                 Tmut/Erth      #.......     100%        2    ###....
 Sticks to Snakes         Tmut           #.......     100%        2    ###....
 Spider Form              Tmut/Pois      #.........   100%        3    ####...
 Stone Arrow              Conj/Erth      #.....       100%        3    ####...
 Ice Form                 Ice/Tmut       #.......     100%        4    #####..
 Petrify                  Tmut/Erth      #.......     100%        4    #####..
 Blade Hands              Tmut           #.........   100%        5    ######.
 Lee's Rapid Deconstruct  Erth           #.........   100%        5    ######.


Dungeon Overview and Level Annotations

Branches:
Dungeon (11/15)            Temple (1/1) D:7            Lair (0/6) D:8
    Orc (2/2) D:11            Elf (0/3) Orc:2         Sewer (visited)

Altars:
Ashenzari
Cheibriados
Dithmenos
Elyvilon
Fedhas
Gozag
Hepliaklqana
Kikubaaqudgha
Makhleb
Nemelex Xobeh
Okawaru
Qazlal
Ru
Sif Muna
Trog
Uskayaw
Vehumet
Wu Jian
Xom
Yredelemnul
Zin
The Shining One

Shops:
Orc:1 [   Orc:2 [

Annotations:
D:11 Josephine, Urug


Innate Abilities, Weirdness & Mutations

You reflexively headbutt those who attack you in melee.
You have a pair of horns on your head.


Message History

The weapon returns to the orc warrior!
The orc sorcerer mumbles some strange words.
The orc warrior hits you from afar with a +1 glaive of venom!!
* * * LOW HITPOINT WARNING * * *
You are poisoned.
You hit the orc warrior. You burn the orc warrior.
The orc warrior is heavily wounded.
You feel sick.
The orc warlord shoots a bolt.
You block the bolt. You block the orc warrior's attack.
The orc warrior throws a boomerang.
You block the boomerang.
The weapon returns to the orc warrior!
Unknown command.
You slash the orc warrior! You burn the orc warrior.
Your headbutt misses the orc warrior.
The orc warrior is almost dead.
You feel sick.
The orc warrior hits you from afar with a +1 glaive of venom.
* * * LOW HITPOINT WARNING * * *
The orc warlord shoots a bolt.
The bolt hits you!!
You die...
Your body crumbles into a pile of gold.

,,,,**.##**#..P...8......,***
,,,,,,...#*##............,,**
*,,,,*....##.......∩.....,*,**
,,,,,,.....*#...P......P.,,,,*
,,,*,,......*#...$.......,*,**
,,,,,,..#...##..$$$......,,**
,,,,,,.#.....$$$$$....P..,,,**
,,,,,,......$[[<$..P.....,,,,*
,,,,,,.##....$[$@........,,,**
∩,,,,,**#.......(o.......,,,**
,8,,,,*#......o..........,,,,*
,,,,,,#..................,,,,*
,,,,,,......$..ooo4......,,,**
,,,,,,...$.#....o...P.P.,,,,,*
,,,,,,#...#o..P....(....,,,,,*
*,,,,,,,,,.......8......,,,,**
**,**,,,,,*,,,,,,,,,,,,,,,,,**


You could see an orc warlord, an orc high priest, a hellwing, an orc sorcerer, 3
orc warriors and an orc wizard.

Vanquished Creatures
  Harold (D:7)
  A two-headed ogre (Orc:2)
  3 death yaks (D:8)
  3 orc high priests
  An unseen horror (D:11)
  An orc knight (Orc:1)
  Pikel (D:7)
  2 orc sorcerers (Orc:2)
  2 centaur zombies (D:11)
  2 trolls
  A hornet (D:7)
  5 hippogriffs
  Sigmund (D:2)
  A wraith (D:11)
  5 yaks (D:10)
  A hungry ghost (D:7)
  5 wargs
  A water moccasin (D:7)
  A porcupine (D:8)
  Duvessa (D:7)
  An ice beast (D:9)
  18 orc warriors
  3 sky beasts
  A necrophage (D:7)
  2 phantoms
  9 ogres
  2 black bears
  3 centaurs
  3 big kobolds
  7 bullfrogs
  2 gnoll sergeants (D:9)
  A water moccasin zombie (D:5)
  4 scorpions
  5 jellies
  Dowan (D:7)
  9 wights
  4 killer bees (D:7)
  A howler monkey (D:6)
  A quasit (D:10)
  A bullfrog zombie (D:6)
  4 crimson imps
  3 bullfrog skeletons
  5 hounds
  12 orc priests
  11 orc wizards
  Crazy Yiuf (D:2)
  4 iguanas
  Natasha (thrice) (D:2)
  3 hell rats (D:8)
  9 worker ants
  A hound zombie (D:6)
  Robin (D:2)
  2 howler monkey skeletons
  3 worker ant zombies
  20 gnolls
  17 adders
  2 river rats (D:8)
  3 shadow imps
  12 oozes
  2 worms
  2 dart slugs
  17 leopard geckos
  46 orcs
  9 bats
  23 giant cockroaches
  19 goblins
  12 hobgoblins
  8 jackals
  6 quokkas
  7 ball pythons (Sewer)
  16 frilled lizards
  A jackal zombie (D:5)
  21 kobolds
  A leopard gecko skeleton (D:5)
  A quokka skeleton (D:5)
  10 rats
434 creatures vanquished.

Vanquished Creatures (others)
  3 slaves (D:7)
  A big kobold (D:7)
  A kobold (D:7)
  A fungus (Orc:2)
6 creatures vanquished.

Grand Total: 440 creatures vanquished

Notes
Turn   | Place    | Note
-------+----------+-------------------------------------------
     0 | D:1      | Dharzhak the Minotaur Fighter began the quest for the Orb.
     0 | D:1      | Reached XP level 1. HP: 19/19 MP: 0/0
    78 | D:1      | Reached XP level 2. HP: 27/27 MP: 1/1
   578 | D:1      | Reached XP level 3. HP: 33/33 MP: 2/2
   955 | D:2      | Noticed Natasha
   966 | D:2      | Killed Natasha
   966 | D:2      | Reached skill level 3 in Axes
  1273 | D:2      | Reached XP level 4. HP: 40/40 MP: 3/3
  1633 | D:2      | Noticed Robin
  1644 | D:2      | Killed Robin
  1644 | D:2      | Reached XP level 5. HP: 30/47 MP: 4/4
  1651 | D:2      | Noticed Sigmund
  1670 | D:2      | Killed Sigmund
  1670 | D:2      | Reached skill level 5 in Axes
  1670 | D:2      | Reached skill level 1 in Dodging
  1670 | D:2      | Reached skill level 5 in Shields
  1670 | D:2      | Reached XP level 6. HP: 35/53 MP: 5/5
  1886 | D:2      | Found a shimmering blue altar of Sif Muna.
  2042 | D:2      | Noticed Natasha
  2048 | D:2      | Killed Natasha
  2340 | D:2      | Found a runed translucent door.
  2341 | D:2      | Noticed Crazy Yiuf
  2378 | D:2      | Killed Crazy Yiuf
  2378 | D:2      | Reached skill level 5 in Fighting
  2681 | D:2      | Noticed Natasha
  2698 | D:2      | Killed Natasha
  3237 | D:3      | Reached skill level 6 in Axes
  3411 | D:3      | Reached XP level 7. HP: 61/61 MP: 6/6
  3896 | D:4      | Reached skill level 5 in Armour
  4450 | D:5      | Entered Level 5 of the Dungeon
  4460 | D:5      | Reached skill level 1 in Throwing
  4596 | D:5      | Reached skill level 7 in Axes
  4633 | D:5      | Reached XP level 8. HP: 48/69 MP: 7/7
  4829 | D:5      | Found a radiant altar of Vehumet.
  5156 | D:5      | Reached skill level 8 in Axes
  5678 | D:6      | Found a glowing drain.
  5701 | Sewer    | Entered a sewer
  6152 | Sewer    | Reached skill level 1 in Evocations
  6542 | D:6      | Reached skill level 9 in Axes
  6542 | D:6      | Reached XP level 9. HP: 75/75 MP: 8/8
  6951 | D:7      | Noticed Harold
  6951 | D:7      | Noticed Pikel
  6958 | D:7      | Killed Pikel
  6985 | D:7      | Killed Harold
  7000 | D:7      | Reached skill level 10 in Axes
  7374 | D:7      | Noticed Dowan
  7380 | D:7      | Noticed Duvessa
  7383 | D:7      | Killed Dowan
  7393 | D:7      | Killed Duvessa
  7456 | D:7      | Found a staircase to the Ecumenical Temple.
  7479 | Temple   | Entered the Ecumenical Temple
  7635 | Temple   | Became a worshipper of Gozag Ym Sagoz the Greedy
  8046 | D:7      | Reached XP level 10. HP: 85/86 MP: 11/11
  8276 | D:8      | Noticed a death yak
  8280 | D:8      | Noticed a death yak
  8282 | D:8      | Noticed a death yak
  8308 | D:8      | Killed a death yak
  8308 | D:8      | Reached skill level 11 in Axes
  8314 | D:8      | Killed a death yak
  8314 | D:8      | Reached skill level 5 in Dodging
  8314 | D:8      | Reached skill level 1 in Stealth
  8335 | D:8      | Killed a death yak
  8855 | D:8      | Found a staircase to the Lair.
  9263 | D:9      | Reached skill level 12 in Axes
  9447 | D:9      | Reached XP level 11. HP: 94/94 MP: 12/12
 10045 | D:10     | Entered Level 10 of the Dungeon
 11033 | D:11     | Killed an unseen horror
 11264 | D:11     | Noticed Josephine
 11267 | D:11     | Noticed Urug
 11566 | D:11     | Found a staircase to the Orcish Mines.
 11591 | Orc:1    | Entered Level 1 of the Orcish Mines
 11601 | Orc:1    | Reached skill level 13 in Axes
 11849 | Orc:1    | Found a shimmering altar of Xom.
 12193 | Orc:2    | Entered Level 2 of the Orcish Mines
 12193 | Orc:2    | Found Vazuse's Antique Armour Shoppe.
 12193 | Orc:2    | Noticed an orc sorcerer
 12198 | Orc:2    | Killed an orc sorcerer
 12207 | Orc:2    | Noticed an orc knight
 12210 | Orc:2    | Reached skill level 10 in Shields
 12213 | Orc:2    | Noticed an orc high priest
 12213 | Orc:2    | Noticed an orc sorcerer
 12214 | Orc:2    | Noticed a two-headed ogre
 12219 | Orc:1    | Killed an orc knight
 12581 | Orc:2    | Noticed an orc high priest
 12585 | Orc:2    | Noticed a sixfirhy
 12585 | Orc:2    | Noticed an orc high priest
 12586 | Orc:2    | Killed a two-headed ogre
 12586 | Orc:2    | Reached skill level 5 in Evocations
 12611 | Orc:2    | Killed an orc high priest
 12611 | Orc:2    | Reached XP level 12. HP: 30/104 MP: 0/14
 12996 | Orc:2    | Killed an orc high priest
 13002 | Orc:2    | Noticed an orc warlord
 13006 | Orc:1    | Killed an orc high priest
 13006 | Orc:1    | Reached skill level 14 in Axes
 13296 | Orc:2    | Noticed an orc high priest
 13298 | Orc:2    | Shot with a bolt by an orc warlord

Levels and vault maps discovered:
D:1:      minmay_arrival_glassed_features, layout_basic, minmay_circled_x
D:2:      layout_loops_ring, old_standard_altar, first_ration,
          minmay_pentomino_u4, uniq_robin, uniq_crazy_yiuf_cottage,
          uniq_natasha, uniq_sigmund
D:3:      layout_loops_ring, chequers_serial_rivers_small_a
D:4:      layout_loops_ring, solitary_fountain
D:5:      layout_loops_corners, vehumet_altar_wand_db
D:6:      layout_loops_ring, portal_sewer_entry_b
D:7:      layout_basic, minmay_temple_entry_water_ring,
          hangedman_abyss_or_decor_passed, uniq_harold, uniq_pikel, uniq_duvessa
D:8:      layout_basic, dpeg_lair_monsters
D:9:      layout_loops_ring, blue_anna_alchemist [blue_anna_fruit_fields,
          blue_anna_fruit_fields], st_stairs_3
D:10:     layout_gridville
D:11:     layout_loops_cross, orc_0_dummy, nicolae_elemental_shop,
          uniq_josephine, uniq_urug, uniq_erolcha, uniq_sonja
Temple:   kilobyte_greek_temple
Orc:1:    layout_caves, basic_altar
Orc:2:    grunt_orc_gardens, layout_caves, grunt_orc_garden, grunt_orc_garden,
          grunt_orc_garden, grunt_orc_garden, portal_ice_cave_entry_pillars_2,
          serial_shops, shop_statue

Skill      XL: |  1  2  3  4  5  6  7  8  9 10 11 12 |
---------------+-------------------------------------+-----
Armour         | 4 5 6 7 8 9 |  9.6
Shields        | 4 5 6 7 8 9 10 | 10.5
Fighting       | 4 5 6 7 9 |  9.5
Axes           | 3 5 6 7 9 10 12 13 14 | 14.0
Dodging        | 1 2 4 5 6 |  6.7
Throwing       | 1 2 3 |  3.6
Evocations     | 1 2 3 5 |  5.2
Stealth        | 1 |  1.6

Action                   |  1- 3 |  4- 6 |  7- 9 | 10-12 || total
-------------------------+-------+-------+-------+-------++-------
Melee: War axe           |    79 |   145 |   414 |   394 ||  1032
       Headbutt          |    12 |    24 |    71 |    74 ||   181
Throw: Dart              |       |     9 |    42 |    22 ||    73
       Boomerang         |       |     1 |    19 |    11 ||    31
Invok: Potion Petition   |       |       |       |     3 ||     3
  Use: Scroll            |     2 |     2 |     7 |    20 ||    31
       Potion            |       |     1 |     2 |    15 ||    18
 Stab: Invisible         |       |       |       |     4 ||     4
       Distracted        |       |       |       |     1 ||     1
  Eat: Chunk             |     1 |     7 |    14 |       ||    22
       Ration            |       |       |     2 |     5 ||     7
Armor: Scale mail        |    46 |    65 |    42 |       ||   153
       Chain mail        |       |       |   180 |   181 ||   361
       Skin              |       |       |       |    43 ||    43
       Plate armour      |       |       |       |    49 ||    49
Dodge: Dodged            |    30 |    48 |   156 |   153 ||   387
Block: Shield            |    47 |    85 |   285 |   310 ||   727
